AoeStats
← Alfons

Arabian Desert

509861852Analyzed
1v1 RM · 2d ago on Sep 28, 2026· 43m 52s· 2 players
Game mode
Random Map
Map size
Tiny (2 player)
Population
200
Speed
Normal
Resources
Standard
Victory
Conquest
Starting age
Dark Age
Ending age
Imperial Age
RankedLock teamsTeams togetherTeam positionsShared explorationLock speedFull tech treeHidden civsTurbo modeCheats
Victory
Defeat
🇳🇴 Franks · Norway
1072
+14
🇭🇰 Wei · Hong Kong SAR China
1037
-14
Gilbert builds a Blacksmith
7:10 Loom
9:51 Feudal Age
10:29 Double-Bit Axe
11:36 Horse Collar
14:38 Town Watch
16:57 Wheelbarrow
21:02 Castle Age
19:28 Gold Mining
20:20 Scale Barding Armor
22:05 Bow Saw
21:56 Heavy Plow
25:46 Fletching
26:36 Bodkin Arrow
32:48 Gold Shaft Mining
31:47 Pikeman
32:28 Squires
41:59 Sanctity
Alfons
4:52 Loom
9:39 Feudal Age
10:20 Double-Bit Axe
12:38 Wheelbarrow
20:25 Castle Age
18:40 Scale Barding Armor
18:30 Gold Mining
19:46 Forging
21:19 Bow Saw
21:33 Husbandry
21:57 Chain Barding Armor
23:10 Iron Casting
27:18 Light Cavalry
29:01 Hand Cart
28:31 Town Watch
31:44 Stone Mining
35:00 Imperial Age
35:10 Cavalier
36:39 Plate Barding Armor
37:05 Blast Furnace
38:28 Paladin
41:55 Devotion
Connection lost

Rejoining the realm…

Still unreachable

The connection could not be restored.

Session expired

The server has moved on; the page needs a fresh start.